 Dungeon Crawl Stone Soup version 0.29-a0-414-g5075937ec3 (webtiles) character file.

Game seed: 7511500037298851455

245326 quokkamancerX the Convoker (level 18, -6/166 HPs)
             Began as a Purple Draconian Summoner on May 14, 2022.
             Was a High Priest of Sif Muna.
             Mangled by an orc warlord
             ... wielding a +0 long sword
              (16 damage)
             ... on level 1 of the Vaults on May 16, 2022.
             The game lasted 05:56:25 (55495 turns).

quokkamancerX the Convoker (DrSu)                  Turns: 55495, Time: 05:56:26

Health: -6/166     AC: 21    Str:  9    XL:     18   Next: 76%
Magic:  4/32       EV: 16    Int: 28    God:    Sif Muna [*****.]
Gold:   1950       SH: 20    Dex: 13    Spells: 3/37 levels left

rFire   + . .      SeeInvis .   o - +8 autumn katana {vorpal, manifold assault}
rCold   + + +      Faith    .   z - +3 kite shield of Eternal Vigilance {rPois}
rNeg    . . .      Spirit   .   (body armour unavailable)
rPois   +          Reflect  +   b - +2 hat
rElec   .          Harm     .   N - +2 cloak
rCorr   +          Rampage  .   i - +2 pair of gloves {Stlth+}
Will    ++++.                   B - +2 pair of boots "Lineng" {rC+ Slay+4}
Stlth   ++++......              Z - amulet of reflection
HPRegen 0.37/turn               C - +6 ring of intelligence
MPRegen 0.23/turn               f - ring "Ziodit" {rF+ rC+++ Will++ rCorr Str-2}

@: about to teleport
A: breathe power, AC +10, unfitting armour, cold-blooded
}: 2/15 runes: serpentine, barnacled
a: Breathe Dispelling Energy, Renounce Religion, Channel Magic, Forget Spell,
Divine Exegesis


You were on level 1 of the Vaults.
You worshipped Sif Muna.
Sif Muna was extremely pleased with you.
You visited 7 branches of the dungeon, and saw 33 of its levels.
You also visited: Ossuary and Ice Cave.

You collected 4287 gold pieces.
You spent 2337 gold pieces at shops.

Inventory:

Hand Weapons
 o - the +8 autumn katana (weapon) {vorpal, manifold assault}
   (You found it on level 15 of the Dungeon)

   It sometimes launches melee attacks against multiple visible enemies.
Missiles
 M - 6 curare-tipped darts (quivered)
 W - 7 throwing nets
Armour
 b - a +2 hat (worn)
 i - a +2 pair of gloves of stealth (worn)
 z - the +3 kite shield of Eternal Vigilance (worn) {rPois}
   (You acquired it on level 9 of the Dungeon)

   rPois:     It protects you from poison.
 B - the +2 pair of boots "Lineng" (worn) {rC+ Slay+4}
   (You found it on level 2 of the Lair of Beasts)

   Slay:      It affects your accuracy & damage with ranged weapons and melee
   (+4).
   rC:        It protects you from cold.
 N - a +2 cloak (worn)
Jewellery
 f - the ring "Ziodit" (right hand) {rF+ rC+++ Will++ rCorr Str-2}
   (You found it on level 1 of the Lair of Beasts)

   [ring of resist corrosion]

   Str:       It affects your strength (-2).
   rF:        It protects you from fire.
   rC:        It renders you almost immune to cold.
   rCorr:     It protects you from acid and corrosion.
   Will:      It greatly increases your willpower.
 A - a ring of protection from fire
 C - a +6 ring of intelligence (left hand)
 L - a ring of flight
 Z - an amulet of reflection (around neck)
Wands
 h - a wand of charming (18)
 D - a wand of iceblast (10)
 E - a wand of polymorph (17)
 F - a wand of digging (14)
 J - a wand of mindburst (9)
 Q - a wand of flame (32)
 S - a wand of paralysis (27)
Scrolls
 d - 15 scrolls of teleportation
 e - 3 scrolls of amnesia
 m - 5 scrolls of blinking
 n - 2 scrolls of fear
 w - 4 scrolls of enchant weapon
 y - a scroll of silence
 H - 7 scrolls of poison
 I - 3 scrolls of fog
 P - 4 scrolls of vulnerability
 T - 5 scrolls of enchant armour
 U - 2 scrolls of summoning
 X - 3 scrolls of immolation
 Y - 9 scrolls of magic mapping
Potions
 a - 6 potions of magic
 c - 2 potions of invisibility
 j - 6 potions of mutation
 k - a potion of resistance
 p - 19 potions of curing
 q - 4 potions of cancellation
 r - 6 potions of ambrosia
 u - 6 potions of might
 v - 7 potions of haste
 x - 5 potions of heal wounds
 R - 6 potions of brilliance
Miscellaneous
 O - a phantom mirror


   Skills:
 - Level 16.0 Fighting
 - Level 12.0 Dodging
 + Level 4.4 Stealth
 - Level 12.0 Shields
 - Level 10.0 Spellcasting
 - Level 4.0 Hexes
 + Level 18.5 Summonings
 + Level 11.7 Translocations
 - Level 4.0 Ice Magic
 - Level 4.0 Air Magic
 - Level 10.0 Invocations
 - Level 8.7 Evocations


You had 3 spell levels left.
You knew the following spells:

 Your Spells              Type           Power      Damage    Failure   Level
a - Summon Ice Beast      Ice/Summ       67%        N/A       1%          4
b - Summon Cactus Giant   Summ           43%        N/A       1%          6
c - Summon Hydra          Summ           43%        N/A       3%          7
d - Summon Guardian Gole  Hex/Summ       67%        N/A       1%          3
e - Summon Lightning Spi  Summ/Air       67%        N/A       1%          4
f - Summon Forest         Summ/Tloc      39%        N/A       1%          5
g - Summon Mana Viper     Hex/Summ       67%        N/A       2%          5

Your spell library contained the following spells:

 Spells                   Type           Power      Damage    Failure   Level
 Summon Small Mammal      Summ           100%       N/A       0%          1
 Call Imp                 Summ           87%        N/A       0%          2
 Call Canine Familiar     Summ           87%        N/A       0%          3
 Apportation              Tloc           100%       N/A       1%          1
 Freeze                   Ice            100%       1d11      1%          1
 Blink                    Tloc           100%       N/A       1%          2
 Lesser Beckoning         Tloc           68%        N/A       1%          3
 Portal Projectile        Hex/Tloc       100%       N/A       1%          3
 Shock                    Conj/Air       100%       1d9       3%          1
 Confusing Touch          Hex            36%        N/A       4%          3
 Frozen Ramparts          Ice            72%        1d9       4%          3
 Ozocubu's Armour         Ice            36%        N/A       4%          3
 Swiftness                Air            36%        N/A       4%          3
 Poisonous Vapours        Pois/Air       50%        N/A       5%          2
 Static Discharge         Conj/Air       25%        N/A       5%          2
 Animate Skeleton         Necr           28%        N/A       9%          1
 Sandblast                Erth           28%        2d8       9%          1
 Sting                    Tmut/Pois      56%        1d5       9%          1
 Inner Flame              Hex/Fire       25%        N/A       11%         3
 Sublimation of Blood     Necr           14%        N/A       12%         2
 Mephitic Cloud           Conj/Pois/Air  21%        N/A       14%         3
 Ignite Poison            Fire/Tmut/Pois 14%        N/A       24%         3
 Stone Arrow              Conj/Erth      28%        3d8       24%         3
 Vampiric Draining        Necr           14%        2d7       24%         3
 Passage of Golubria      Tloc           68%        N/A       1%          4
 Manifold Assault         Tloc           68%        N/A       1%          5
 Monstrous Menagerie      Summ           43%        N/A       3%          7
 Iskenderun's Mystic Bla  Conj/Tloc      46%        2d10      8%          4
 Dispersal                Tloc           34%        N/A       10%         6
 Malign Gateway           Summ/Tloc      39%        N/A       14%         7
 Airstrike                Air            18%        N/A       16%         4
 Summon Horrible Things   Summ           43%        N/A       26%         8
 Anguish                  Hex/Necr       12%        N/A       34%         4
 Fulminant Prism          Conj/Hex       12%        3d9       34%         4
 Hailstorm                Conj/Ice       25%        3d7       34%         4
 Ice Form                 Ice/Tmut       25%        N/A       34%         4
 Freezing Cloud           Conj/Ice/Air   14%        6-21      61%         5
 Dispel Undead            Necr           14%        3d10      63%         4
 Olgreb's Toxic Radiance  Pois           14%        N/A       63%         4
 Petrify                  Tmut/Erth      14%        N/A       63%         4
 Sticky Flame             Conj/Fire      14%        2d4       63%         4
 Lightning Bolt           Conj/Air       12%        1d26      69%         5
 Yara's Violent Unravell  Hex/Tmut       12%        3d7       69%         5
 Haunt                    Necr/Summ      30%        N/A       83%         7
 Spellforged Servitor     Conj/Summ      30%        N/A       83%         7
 Agony                    Necr           14%        N/A       92%         5
 Alistair's Intoxication  Tmut/Pois      9%         N/A       92%         5
 Blade Hands              Tmut           7%         N/A       92%         5
 Excruciating Wounds      Necr           7%         N/A       92%         5
 Fireball                 Conj/Fire      7%         3d5       92%         5
 Irradiate                Conj/Tmut      7%         3d15      92%         5
 Lee's Rapid Deconstruct  Erth           7%         3d7*      92%         5
 Conjure Ball Lightning   Conj/Air       12%        3x3d6     99%         6
 Simulacrum               Ice/Necr       12%        N/A       99%         6
 Disjunction              Tloc           34%        N/A       99%         8
 Dragon's Call            Summ           43%        N/A       99%         9
 Death Channel            Necr           7%         N/A       100%        6
 Eringya's Noxious Bog    Tmut/Pois      7%         N/A       100%        6
 Starburst                Conj/Fire      7%         6d4       100%        6
 Statue Form              Tmut/Erth      9%         N/A       100%        6
 Enfeeble                 Hex            18%        N/A       100%        7
 Ozocubu's Refrigeration  Ice            18%        4d8       100%        7
 Lehudib's Crystal Spear  Conj/Erth      7%         10d3      100%        8
 Maxwell's Capacitive Co  Air            18%        ∞         100%        8
 Death's Door             Necr           7%         N/A       100%        9
 Animate Armour           Summ/Erth      Unusable   N/A       N/A         4

Dungeon Overview and Level Annotations

Branches:
Dungeon (15/15)            Temple (1/1) D:4            Lair (6/6) D:10
 Shoals (4/4) Lair:2        Snake (4/4) Lair:2        Slime (0/5) Lair:5
    Orc (2/2) D:11            Elf (0/3) Orc:2        Vaults (1/5) D:14
 Depths (0/4) D:15        Ossuary (visited)           IceCv (visited)

Altars:
Ashenzari
Cheibriados
Dithmenos
Elyvilon
Fedhas
Gozag
Hepliaklqana
Kikubaaqudgha
Makhleb
Nemelex Xobeh
Okawaru
Qazlal
Ru
Sif Muna
Trog
Uskayaw
Vehumet
Wu Jian
Xom
Yredelemnul
Zin
The Shining One
Beogh
Jiyva

Shops:
D:13 ((   Orc:2 :[*(   Shoals:1 !*[[   Snake:1 *   Snake:4 ?[(!*:=:!


Innate Abilities, Weirdness & Mutations

You can breathe bolts of dispelling energy.
Your rich purple scales are hard. (AC +10)
You cannot fit into any form of body armour.
You are cold-blooded and may be slowed by cold attacks.


Message History

The vault warden hits you with a +0 battleaxe!
You block the vault warden's attack.
A lindwurm comes into view.
You block the orc warlord's attack.
You slash the orc warlord!
The orc warlord is moderately wounded.
The vault warden hits you with a +0 battleaxe!!
The vault warden activates a sealing rune.
The necromancer casts a spell.
The necromancer binds the souls of nearby monsters.
You block the orc warlord's attack.
The vault warden hits you with a +0 battleaxe!!
You slash the orc warlord!
The orc warlord is heavily wounded.
The necromancer gestures wildly while chanting.
The necromancer binds the souls of nearby monsters.
The vault warden hits you with a +1 battleaxe!!
* * * LOW HITPOINT WARNING * * *
You block the orc warlord's attack.
The vault warden hits you with a +0 battleaxe!!
* * * LOW HITPOINT WARNING * * *
You block the vault warden's attack.
You feel much better.
The orc warlord's soul is no longer bound.
The vault warden unwields a +0 battleaxe.
The vault warden wields a +0 arbalest.
The vault warden shoots a bolt.
You reflect the bolt off an invisible shield around you!
The bolt hits the vault warden!!
As you read the scroll of teleportation, it crumbles to dust.
You feel strangely unstable.
The runic seals fade away.
The orc knight's soul is no longer bound.
The vault warden activates a sealing rune.
The orc warlord barely misses you.
You feel much better.
The vault warden hits you with a +1 battleaxe!!
* * * LOW HITPOINT WARNING * * *
The orc knight hits you with a +0 long sword!
* * * LOW HITPOINT WARNING * * *
The orc warlord hits you with a +0 long sword!
You die...

#...# #.#... #...#
#.#..∩ #...# #.#...
#...# #.#... #...#
#.#... #..###+#####
#.#... #..#........
#.#...
#..+p#.#.#.#.#.#.####
#..#@op........#.....
#..#o#o#.#.#.#.######
#..#pk.Z.......#
#..#X#.#.#.#.#.# #
#..#Z..Z..>....+ .+
#..#.#.#.#.#.#.# .p#
#..#..Xo.......#§.Z+
#..#.#.#.#†#.#.'.#
#..#.......†...###


You could see an orc warlord (strong), 2 vault wardens, 2 orc knights, a
nameless horror, a vault sentinel (soul bound), a lindwurm (soul bound), a vault
warden zombie, a stone giant skeleton and a tengu reaver skeleton.

Vanquished Creatures
  A quicksilver dragon (Snake:4)
  The ghost of Rairoumm the Warrior, an adept GrFi of the Shining One (D:14)
  An orc warlord (Orc:2)
  The ghost of SkeletonJelly the Fencer, a journeyman DrMo of Jiyva (Lair:6)
  The ghost of Nelass the Geomancer, a journeyman GrEE of Vehumet (Lair:6)
  A war gargoyle (D:14)
  Nessos (Lair:6)
  A merfolk javelineer (Shoals:4)
  An ice dragon (Lair:6)
  A hydra (Lair:6)
  2 boulder beetles (D:15)
  2 centaur warriors
  An anaconda (Snake:4)
  2 merfolk aquamancers (Shoals:1)
  4 naga warriors
  A two-headed ogre (D:9)
  A vampire mage (D:15)
  4 naga sharpshooters
  A sixfirhy (D:9)
  2 skeletal warriors
  4 sea snakes
  2 orc knights
  A swamp dragon (Lair:6)
  A deep elf pyromancer (D:15)
  5 harpies
  A lindwurm (Lair:6)
  2 mana vipers
  A wolf spider (D:14)
  2 orc sorcerers (Orc:1)
  3 fauns
  A salamander (shapeshifter) (D:14)
  A cyclops (Shoals:4)
  A guardian serpent (Snake:4)
  12 elephants
  A merfolk siren (Shoals:1)
  4 water nymphs (Shoals:1)
  4 torpor snails (Lair:6)
  10 black mambas
  2 ice statues (IceCv)
  6 cane toads
  A gargoyle (D:14)
  A kobold demonologist (D:12)
  An unseen horror (D:13)
  4 komodo dragons
  6 rime drakes
  3 merfolk
  3 polar bears
  4 hornets (Lair:6)
  A wind drake (Shoals:4)
  3 trolls
  A dream sheep (Shoals:4)
  A tyrant leech (Lair:6)
  A blink frog (Lair:5)
  A slime creature (D:8)
  4 snapping turtles
  Sigmund (D:4)
  A centaur simulacrum (D:12)
  14 yaks
  4 hogs (Shoals:3)
  2 water elementals
  2 basilisks
  3 vampire mosquitoes
  4 nagas
  An acid dragon (Lair:6)
  6 water moccasins
  A human skeleton (D:15)
  2 ice beasts (D:12)
  8 orc warriors
  9 wolves
  5 centaurs
  3 bullfrogs
  2 water moccasin zombies (Ossuary)
  2 wights (D:8)
  A lindwurm simulacrum (IceCv)
  5 killer bees
  10 nameless horrors
  2 electric eels
  4 komodo dragon simulacra (IceCv)
  3 orc priests
  A hound (D:7)
  3 iguanas
  3 orc wizards
  4 gnolls
  An acid dragon simulacrum (IceCv)
  An adder (D:5)
  A white imp (D:5)
  2 steam dragon simulacra (IceCv)
  3 adder zombies (Ossuary)
  2 worms (D:2)
  A dart slug (D:3)
  12 orcs
  2 ball pythons
  5 endoplasms
  7 goblins
  7 hobgoblins
  A quokka (D:4)
  4 bats
  4 frilled lizards
  A hobgoblin zombie (Ossuary)
  9 kobolds
  2 kobold zombies (Ossuary)
  2 orc zombies (Ossuary)
  2 rats (D:2)
  2 bushes
306 creatures vanquished.

Vanquished Creatures (collateral kills)
  Vashnia (Snake:4)
  Agnes (D:15)
  Kirke (Shoals:3)
  A quicksilver dragon (Snake:4)
  Ilsuiw (Shoals:4)
  The ghost of Jais Joink the Severer, an adept FoFi of Okawaru (D:15)
  2 fire giants (D:14)
  5 nagarajas
  Aizul (Snake:2)
  2 very ugly things
  An entropy weaver (Vaults:1)
  The ghost of Xuokouwn the Blocker, a journeyman DsBe of Trog (D:14)
  A white draconian (IceCv)
  The ghost of diodin the Eclecticist, a journeyman DEIE of Vehumet (Lair:6)
  The ghost of Eringya the Destroyer, a journeyman OpCj of Gozag (Lair:6)
  4 merfolk javelineers
  A fire dragon (Lair:6)
  10 merfolk impalers
  4 boulder beetles
  3 salamander tyrants
  5 vault guards (D:14)
  7 hydras
  4 anacondas
  Harold (Lair:2)
  Erolcha (D:13)
  An ogre mage (D:15)
  3 centaur warriors
  7 two-headed ogres
  A catoblepas (Lair:3)
  8 naga warriors
  4 merfolk avatars
  5 merfolk aquamancers
  2 satyrs (Shoals:4)
  An orc high priest (Orc:2)
  Urug (Lair:3)
  A titan zombie (D:15)
  10 shock serpents
  5 naga sharpshooters (Snake:4)
  2 salamander mystics (Snake:4)
  The ghost of zeratav the Geomancer, a novice OpEE of Gozag (D:8)
  A skeletal warrior (D:15)
  8 sea snakes
  3 naga ritualists
  4 orc knights
  17 harpies
  A wizard (D:14)
  A deep elf zephyrmancer (D:15)
  2 lindwurms
  5 mana vipers
  5 oklob plants
  A necromancer (D:15)
  A deep elf pyromancer (D:14)
  9 ugly things
  9 salamanders
  11 manticores
  6 cyclopes
  3 orc sorcerers (Orc:2)
  13 elephants
  20 fauns
  8 naga magi
  22 black mambas
  8 merfolk sirens
  5 guardian serpents
  8 water nymphs
  7 cane toads
  A torpor snail (Lair:6)
  2 gargoyles
  2 efreet (D:15)
  2 rime drakes
  5 komodo dragons
  5 trolls
  33 merfolk
  2 tyrant leeches (Lair:6)
  3 hornets
  3 wind drakes
  Grinder (D:6)
  2 slime creatures (D:8)
  4 blink frogs (Lair:5)
  10 dream sheep
  2 spriggan skeletons (D:15)
  7 snapping turtles
  A vampire (D:10)
  3 shadows
  13 water elementals
  16 yaks
  A wraith (D:14)
  3 basilisks
  A wyvern (Lair:5)
  A redback (Vaults:1)
  2 steam dragons
  11 vampire mosquitoes
  3 wargs (Orc:1)
  24 nagas
  An acid dragon (Lair:6)
  6 water moccasins
  3 swamp drakes (Lair:6)
  17 orc warriors
  3 black bears
  2 sky beasts
  6 ogres
  9 wolves
  12 centaurs
  A phantom (D:5)
  A kobold brigand (D:10)
  Blork the orc (Orc:2)
  5 bullfrogs
  2 gnoll sergeants
  3 water moccasin zombies (Ossuary)
  2 wights
  6 killer bees
  A lindwurm simulacrum (IceCv)
  10 howler monkeys
  2 komodo dragon simulacra (IceCv)
  2 hounds
  8 jellies
  19 orc priests
  A gnoll shaman (D:8)
  18 orc wizards
  6 iguanas
  2 mummies (Ossuary)
  4 acid dragon simulacra (IceCv)
  18 gnolls
  3 adders
  2 white imps
  5 steam dragon simulacra (IceCv)
  2 adder zombies (Ossuary)
  A worm (D:2)
  A dart slug (D:2)
  62 orcs
  3 bats
  2 gnoll zombies (Ossuary)
  A goblin (D:2)
  9 kobolds
  A quokka (D:3)
  2 ball pythons
  2 frilled lizards
  4 kobold zombies (Ossuary)
  2 orc zombies (Ossuary)
  A rat (D:3)
  2 bushes (D:14)
  A butterfly (Lair:4)
  2 plants (Shoals:4)
733 creatures vanquished.

Vanquished Creatures (others)
  A tengu reaver (D:15)
  The ghost of Eliad the Eclecticist, an adept DEFE of Vehumet (D:15)
  The ghost of Uzeprotekshun the Nimble, a journeyman DsWz of Vehumet (D:15)
  A yaktaur captain (D:15)
  2 hydras (Lair:5)
  3 vault guards (D:14)
  An ogre mage (D:15)
  A centaur warrior (D:15)
  A two-headed ogre (D:12)
  An anaconda (Snake:3)
  A naga sharpshooter (Snake:1)
  4 skeletal warriors (D:12)
  A naga ritualist (Snake:3)
  Pikel (D:5)
  An oklob plant (Lair:5)
  An elephant (Lair:4)
  Joseph (D:7)
  A black mamba (Snake:1)
  A naga mage (Snake:3)
  A cane toad (Lair:5)
  Psyche (D:9)
  A rime drake (IceCv)
  A freezing wraith (D:15)
  2 dream sheep (Lair:6)
  2 basilisks
  A spriggan (Lair:5)
  9 yaks
  A warg (Orc:2)
  2 acid dragons
  A water moccasin (shapeshifter) (D:15)
  5 orc warriors
  3 ogres
  A wolf (Lair:6)
  2 centaurs
  6 wights
  A killer bee (D:5)
  3 orc priests
  2 orc wizards
  A nameless horror (Snake:3)
  An acid dragon simulacrum (IceCv)
  A worm (D:5)
  2 orcs
  8 ball lightnings (D:15)
  5 bushes (D:14)
  39 fungi
  378 plants
  5 snaplasher vines
  6 withered plants
516 creatures vanquished.

Grand Total: 1555 creatures vanquished

Notes
Turn   | Place    | Note
-------+----------+-------------------------------------------
     0 | D:1      | quokkamancerX the Draconian Summoner began the quest for
                  | the Orb.
     0 | D:1      | Reached XP level 1. HP: 14/14 MP: 3/3
   197 | D:1      | Found a faded altar of an unknown god.
   339 | D:1      | Reached XP level 2. HP: 20/20 MP: 1/5
   688 | D:1      | Learned a level 2 spell: Call Imp
  1675 | D:2      | Reached XP level 3. HP: 26/26 MP: 6/6
  2509 | D:2      | Reached XP level 4. HP: 33/33 MP: 7/7
  2740 | D:2      | Reached skill level 5 in Summonings
  3470 | D:3      | Reached XP level 5. HP: 38/38 MP: 8/8
  3797 | D:4      | Noticed an ogre
  3805 | D:4      | Killed an ogre
  3806 | D:4      | Reached skill level 6 in Summonings
  3908 | D:4      | Found a staircase to the Ecumenical Temple.
  3955 | D:4      | Reached XP level 6. HP: 45/45 MP: 9/9
  3971 | D:4      | Found a sand-covered staircase.
  3973 | D:4      | Noticed Sigmund
  3976 | Ossuary  | Entered an ossuary
  3976 | Ossuary  | Found the +0 pair of fencer's gloves {Riposte Dex+3}
  4034 | Ossuary  | Learned a level 3 spell: Call Canine Familiar
  4051 | Ossuary  | Reached skill level 7 in Summonings
  4153 | Ossuary  | Your scales start taking on a rich purple colour.
  4153 | Ossuary  | Reached XP level 7. HP: 50/50 MP: 4/10
  4181 | Ossuary  | Reached skill level 8 in Summonings
  4353 | Temple   | Entered the Ecumenical Temple
  4565 | Temple   | Became a worshipper of Sif Muna the Loreminder
  4750 | D:4      | Killed Sigmund
  5416 | D:5      | Entered Level 5 of the Dungeon
  5421 | D:5      | Learned a level 3 spell: Summon Guardian Golem
  5782 | D:5      | Reached XP level 8. HP: 57/57 MP: 11/14
  5907 | D:5      | Noticed Pikel
  5919 | D:5      | Reached skill level 9 in Summonings
  5936 | D:5      | Killed Pikel
  6208 | D:5      | Reached skill level 10 in Summonings
  6345 | D:5      | Reached * piety under Sif Muna
  6346 | D:5      | Reached skill level 1 in Invocations
  6422 | D:5      | Identified the +5 spear of Beogh's Approval {drain, rN+
                  | Int+3 Dex+3}
  6450 | D:5      | Reached XP level 9. HP: 62/62 MP: 9/20
  7130 | D:6      | Noticed Grinder
  7148 | D:6      | Killed Grinder
  7322 | D:6      | Reached skill level 5 in Invocations
  7969 | D:7      | Reached ** piety under Sif Muna
  8230 | D:7      | Found a stormy altar of Qazlal.
  8578 | D:7      | Noticed Joseph
  8598 | D:7      | Killed Joseph
  8599 | D:7      | Reached skill level 1 in Fighting
  8599 | D:7      | Reached skill level 1 in Air Magic
  8599 | D:7      | Reached XP level 10. HP: 72/72 MP: 19/23
  8604 | D:7      | Learned a level 4 spell: Summon Lightning Spire
  8881 | D:8      | Reached skill level 10 in Spellcasting
  9050 | D:8      | Found a glowing golden altar of the Shining One.
  9131 | D:8      | Found a runed translucent gate.
  9131 | D:8      | Found a runed translucent gate.
  9131 | D:8      | Found a runed translucent gate.
  9132 | D:8      | Noticed zeratav's ghost (novice OpEE)
  9138 | D:8      | Found a viscous altar of Jiyva.
  9158 | D:8      | Killed zeratav's ghost
  9158 | D:8      | Reached *** piety under Sif Muna
  9159 | D:8      | Reached skill level 5 in Fighting
  9278 | D:8      | Found a bloodstained altar of Trog.
  9278 | D:8      | Found a white marble altar of Elyvilon.
  9376 | D:8      | Reached skill level 1 in Evocations
  9672 | D:9      | Identified 2 scrolls of acquirement
  9672 | D:9      | Acquired the +0 buckler of Zin's Brutal Revenge {Int+4}
  9687 | D:9      | Acquired the +3 kite shield of Eternal Vigilance {rPois}
  9726 | D:9      | Noticed Psyche
  9742 | D:9      | Killed Psyche
  9743 | D:9      | Reached skill level 1 in Shields
  9815 | D:9      | Found a runed translucent door.
  9837 | D:9      | Noticed a sixfirhy
  9920 | D:9      | Killed a sixfirhy
 10166 | D:9      | Noticed a two-headed ogre
 10173 | D:9      | Killed a two-headed ogre
 10432 | D:9      | Noticed a two-headed ogre
 10441 | D:9      | Killed a two-headed ogre
 10442 | D:9      | Reached skill level 5 in Evocations
 10442 | D:9      | Reached XP level 11. HP: 90/90 MP: 16/25
 10989 | D:10     | Entered Level 10 of the Dungeon
 11121 | D:9      | Reached skill level 5 in Shields
 11533 | D:10     | Noticed a two-headed ogre
 11578 | D:10     | Killed a two-headed ogre
 11578 | D:10     | Reached **** piety under Sif Muna
 12081 | D:10     | Found a staircase to the Lair.
 12081 | D:10     | Noticed an oklob plant
 12101 | D:10     | Killed an oklob plant
 12900 | D:11     | Noticed a red ugly thing
 12912 | D:11     | Killed a red ugly thing
 13050 | D:11     | Identified the +10 glaive of Disintegration {venom, rCorr
                  | Int+2 Dex+4}
 13101 | D:11     | Noticed a centaur warrior
 13123 | D:11     | Killed a centaur warrior
 13324 | D:11     | Identified the +7 long sword of Exuol {protect, Fly rC+}
 13347 | D:11     | Reached XP level 12. HP: 97/97 MP: 23/26
 13969 | D:11     | Found a staircase to the Orcish Mines.
 14291 | D:12     | Noticed a seven-headed hydra
 14299 | D:12     | Killed a seven-headed hydra
 14594 | D:12     | Found a frozen archway.
 14668 | IceCv    | Entered an ice cave
 14897 | IceCv    | Reached ***** piety under Sif Muna
 15108 | IceCv    | Noticed a white draconian
 15140 | IceCv    | Received a gift from Sif Muna
 15141 | IceCv    | Got Sif Muna's Volume of Torrid Calling {god gift}
 15168 | IceCv    | Identified the ring "Turokhlel" {rN+ MP+9 Str+2 Dex+3}
 15203 | IceCv    | Killed a white draconian
 15477 | IceCv    | Reached skill level 10 in Shields
 15777 | D:12     | Identified the +0 buckler of Maoluv {-Tele Int+4 Dex+3}
 15804 | D:12     | Noticed a two-headed ogre
 15830 | D:12     | Killed a two-headed ogre
 16200 | D:12     | Reached skill level 10 in Fighting
 16645 | D:10     | Upgraded the game from 0.29-a0-409-gd843f3a48c to
                  | 0.29-a0-414-g5075937ec3
 16647 | Lair:1   | Entered Level 1 of the Lair of Beasts
 16946 | Lair:1   | Reached XP level 13. HP: 114/114 MP: 24/27
 17270 | Lair:1   | Identified the ring "Ziodit" {rF+ rC+++ Will++ rCorr Str-2}
 18024 | Lair:2   | Noticed Harold
 18045 | Lair:2   | Killed Harold
 18220 | Lair:2   | Identified the +2 pair of boots "Lineng" {rC+ Slay+4}
 18509 | Lair:2   | Found a staircase to the Snake Pit.
 18698 | Lair:2   | Found a staircase to the Shoals.
 19573 | Lair:3   | Noticed Urug
 19591 | Lair:3   | Killed Urug
 21341 | Lair:5   | Reached skill level 11 in Summonings
 21935 | Lair:5   | Found a staircase to the Slime Pits.
 21960 | Lair:5   | Reached skill level 5 in Dodging
 22468 | Lair:5   | Identified the +2 ring mail of Inviolability {rPois SInv}
 22774 | Lair:5   | Reached XP level 14. HP: 126/126 MP: 18/28
 22901 | Lair:5   | Received a gift from Sif Muna
 22975 | Lair:5   | Got Sif Muna's Catalogue of Destructive Black Rites {god
                  | gift}
 23003 | Lair:5   | Reached skill level 12 in Summonings
 23341 | Lair:6   | Entered Level 6 of the Lair of Beasts
 23416 | Lair:6   | Reached skill level 1 in Ice Magic
 23692 | Lair:6   | Acquired 705 gold pieces
 23701 | Lair:6   | Noticed Nessos
 23703 | Lair:6   | Killed Nessos
 24218 | Lair:6   | Identified the +4 scale mail "Pecsoxt" {Will+++ Str+3 Int-3
                  | SInv}
 24516 | Lair:6   | Found a runed translucent door.
 24696 | Lair:6   | Learned a level 4 spell: Summon Ice Beast
 24737 | Lair:6   | Reached skill level 13 in Summonings
 25702 | Lair:6   | Found a runed translucent gate.
 25702 | Lair:6   | Found a runed translucent gate.
 25702 | Lair:6   | Found a runed translucent gate.
 25704 | Lair:6   | Noticed SkeletonJelly's ghost (journeyman DrMo)
 25704 | Lair:6   | Noticed Eringya's ghost (journeyman OpCj)
 25704 | Lair:6   | Noticed diodin's ghost (journeyman DEIE)
 25704 | Lair:6   | Noticed Nelass's ghost (journeyman GrEE)
 25944 | Lair:6   | Killed Nelass's ghost
 26066 | Lair:6   | Killed diodin's ghost
 26508 | Lair:6   | Killed SkeletonJelly's ghost
 26638 | Lair:6   | Killed Eringya's ghost
 27226 | Orc:1    | Entered Level 1 of the Orcish Mines
 27363 | Orc:2    | Entered Level 2 of the Orcish Mines
 27607 | Orc:2    | Reached XP level 15. HP: 132/132 MP: 20/29
 27611 | Orc:2    | Received a gift from Sif Muna
 27860 | Orc:2    | Noticed Blork the orc
 27876 | Orc:2    | Killed Blork the orc
 28020 | Orc:2    | Noticed an orc warlord
 28046 | Orc:2    | Reached skill level 14 in Summonings
 28054 | Orc:2    | Killed an orc warlord
 28393 | Orc:2    | Found a staircase to the Elven Halls.
 28620 | Orc:2    | Found Geizeus's Antique Armour Boutique.
 28636 | Orc:2    | Found Eqopihif's Antique Weapon Boutique.
 28659 | Orc:2    | Found Xebrimpa's General Store.
 28667 | Orc:2    | Bought 2 potions of cancellation for 208 gold pieces
 28667 | Orc:2    | Bought a wand of digging (5) for 234 gold pieces
 28667 | Orc:2    | Bought a scroll of fog for 26 gold pieces
 28667 | Orc:2    | Bought a scroll of identify for 26 gold pieces
 28705 | Orc:2    | Found Qeolyn's Book Boutique.
 28713 | Orc:2    | Bought a Young Poisoner's Handbook for 300 gold pieces
 29939 | D:13     | Reached skill level 10 in Dodging
 29974 | D:13     | Noticed Erolcha
 29987 | D:13     | Killed Erolcha
 30144 | D:13     | Received a gift from Sif Muna
 30147 | D:13     | Got Sif Muna's Incunabulum of Creation {god gift}
 30292 | D:13     | Reached skill level 1 in Translocations
 30389 | D:13     | Found Feur's Antique Weapon Shop.
 30565 | D:13     | Found Garero's Weapon Emporium.
 30766 | D:14     | Found a gate to the Vaults.
 31447 | D:14     | Reached skill level 15 in Summonings
 31501 | D:14     | Learned a level 6 spell: Summon Cactus Giant
 31735 | D:14     | Noticed a fire giant
 32547 | D:14     | Killed a fire giant
 33071 | D:14     | Noticed a fire giant
 33088 | D:14     | Killed a fire giant
 33264 | D:15     | Entered Level 15 of the Dungeon
 33323 | D:15     | Reached skill level 5 in Translocations
 33972 | D:15     | Reached XP level 16. HP: 139/139 MP: 13/30
 34167 | D:15     | Found a huge runed gate.
 34167 | D:15     | Found a huge runed gate.
 34167 | D:15     | Found a huge runed gate.
 34167 | D:15     | Found a huge runed gate.
 34167 | D:15     | Found a huge runed gate.
 34167 | D:15     | Found a huge runed gate.
 34167 | D:15     | Found a huge runed gate.
 34167 | D:15     | Found a huge runed gate.
 34168 | D:15     | Found a huge runed gate.
 34169 | D:15     | Found a huge runed gate.
 34170 | D:15     | Found a hazy altar of Hepliaklqana.
 34316 | D:15     | Found a huge runed gate.
 34317 | D:15     | Found a huge runed gate.
 34317 | D:15     | Found a huge runed gate.
 34317 | D:15     | Found a huge runed gate.
 34317 | D:15     | Found a huge runed gate.
 34318 | D:15     | Found a huge runed gate.
 34340 | D:15     | Found a huge runed gate.
 34340 | D:15     | Found a huge runed gate.
 34340 | D:15     | Found a huge runed gate.
 34390 | D:15     | Found a huge runed gate.
 34393 | D:15     | Found a huge runed gate.
 34397 | D:15     | Found a huge runed gate.
 34397 | D:15     | Found a huge runed gate.
 34398 | D:15     | Found a huge runed gate.
 34398 | D:15     | Found a huge runed gate.
 34399 | D:15     | Found a huge runed gate.
 34408 | D:15     | Found a huge runed gate.
 34592 | D:15     | Found a huge runed gate.
 34592 | D:15     | Found a huge runed gate.
 34593 | D:15     | Found a huge runed gate.
 34594 | D:15     | Found a huge runed gate.
 34595 | D:15     | Found a huge runed gate.
 34596 | D:15     | Found a huge runed gate.
 34597 | D:15     | Found a huge runed gate.
 34598 | D:15     | Found a huge runed gate.
 34672 | D:15     | Found a huge runed gate.
 34760 | D:15     | Noticed Agnes
 34764 | D:15     | Killed Agnes
 34764 | D:15     | Received a gift from Sif Muna
 34767 | D:15     | Got Mara's Volume of Calling {god gift}
 34934 | D:15     | Found a staircase to the Depths.
 35423 | D:15     | Noticed a tengu reaver
 35423 | D:15     | Noticed Rairoumm's ghost (adept GrFi)
 35423 | D:15     | Noticed Uzeprotekshun's ghost (journeyman DsWz)
 35423 | D:15     | Noticed Eliad's ghost (adept DEFE)
 35423 | D:15     | Noticed Xuokouwn's ghost (journeyman DsBe)
 35423 | D:15     | Noticed Xuokouwn's ghost (journeyman DsBe)
 35430 | D:15     | Noticed Jais Joink's ghost (adept FoFi)
 35430 | D:15     | Killed Uzeprotekshun's ghost
 35430 | D:15     | Killed a tengu reaver
 35529 | D:14     | Killed Rairoumm's ghost
 35529 | D:14     | Killed Xuokouwn's ghost
 35860 | D:15     | Learned a level 5 spell: Summon Forest
 35930 | D:15     | Killed Jais Joink's ghost
 36100 | D:15     | Killed Eliad's ghost
 36539 | Snake:1  | Entered Level 1 of the Snake Pit
 36545 | Snake:1  | Found Meag's General Store.
 36590 | Snake:1  | Found Kentupho's Magic Scroll Boutique.
 36594 | Snake:1  | Bought a potion of curing for 51 gold pieces
 36594 | Snake:1  | Bought a potion of haste for 170 gold pieces
 36598 | Snake:1  | Bought a scroll of summoning for 142 gold pieces
 36598 | Snake:1  | Bought a scroll of magic mapping for 52 gold pieces
 36598 | Snake:1  | Bought a scroll of enchant weapon for 112 gold pieces
 36598 | Snake:1  | Bought a scroll of magic mapping for 52 gold pieces
 36598 | Snake:1  | Bought a scroll of amnesia for 52 gold pieces
 36598 | Snake:1  | Bought a scroll of magic mapping for 52 gold pieces
 36598 | Snake:1  | Bought a scroll of vulnerability for 112 gold pieces
 36598 | Snake:1  | Bought a scroll of magic mapping for 52 gold pieces
 36598 | Snake:1  | Bought a scroll of vulnerability for 112 gold pieces
 36598 | Snake:1  | Bought a scroll of enchant armour for 112 gold pieces
 36890 | Snake:1  | Got the Compendium of Dusty Ignition
 38971 | Snake:2  | Noticed Aizul
 38978 | Snake:2  | Killed Aizul
 39898 | Snake:3  | Reached skill level 10 in Translocations
 40832 | Snake:3  | Found a shadowy altar of Dithmenos.
 41239 | Snake:3  | Reached skill level 1 in Hexes
 41377 | Snake:3  | Reached XP level 17. HP: 110/154 MP: 18/31
 41541 | Snake:3  | Reached skill level 15 in Fighting
 42053 | Snake:4  | Entered Level 4 of the Snake Pit
 42341 | Snake:4  | Noticed Vashnia
 42381 | Snake:4  | Killed Vashnia
 42601 | Snake:4  | Learned a level 5 spell: Summon Mana Viper
 42858 | Snake:4  | Found a shadowy altar of Dithmenos.
 42866 | Snake:4  | Found Paadd's Book Boutique.
 42868 | Snake:4  | Found Ocregi's Jewellery Shoppe.
 42890 | Snake:4  | Received a gift from Sif Muna
 43013 | Snake:4  | Found Daomyabu's Armour Emporium.
 43013 | Snake:4  | Found Ratim's Magic Scroll Boutique.
 43016 | Snake:4  | Found Nodof's Assorted Antiques.
 43017 | Snake:4  | Found Fuesuse's Weapon Shoppe.
 43017 | Snake:4  | Found Ipron's Distillery.
 43029 | Snake:4  | Bought a wand of flame (12) for 29 gold pieces
 43029 | Snake:4  | Bought a potion of curing for 87 gold pieces
 43029 | Snake:4  | Bought a wand of polymorph (2) for 58 gold pieces
 43049 | Snake:4  | Bought a scroll of teleportation for 60 gold pieces
 43480 | Snake:4  | Found Darphy Nigh's Distillery.
 43632 | Snake:4  | Found Nyidd's Book Boutique.
 44846 | Snake:4  | Noticed a quicksilver dragon
 44846 | Snake:4  | Noticed a quicksilver dragon
 44868 | Snake:4  | Killed a quicksilver dragon
 44872 | Snake:4  | Killed a quicksilver dragon
 45183 | Snake:4  | Got a serpentine rune of Zot
 45435 | Shoals:1 | Entered Level 1 of the Shoals
 45436 | Shoals:1 | Found Dasutad's Armour Boutique.
 45858 | Shoals:1 | Found Tootuq's Armour Shop.
 46049 | Shoals:1 | Found Paym's Distillery.
 46075 | Shoals:1 | Found Uptutz's Assorted Antiques.
 46191 | Shoals:1 | Bought a wand of mindburst (9) for 136 gold pieces
 46191 | Shoals:1 | Bought a scroll of teleportation for 102 gold pieces
 46211 | Shoals:1 | Received a gift from Sif Muna
 46212 | Shoals:1 | Reached skill level 16 in Summonings
 46214 | Shoals:1 | Got Vutojouw's Incunabulum of Earth and Displacement {god
                  | gift}
 46849 | Shoals:1 | Learned a level 7 spell: Summon Hydra
 48448 | Shoals:3 | Reached skill level 10 in Invocations
 48536 | Shoals:3 | Reached XP level 18. HP: 131/166 MP: 1/32
 49151 | Shoals:3 | Reached skill level 17 in Summonings
 50521 | Shoals:4 | Entered Level 4 of the Shoals
 50595 | Shoals:4 | Identified the amulet of Gyfauly {Faith rPois Will+}
 50654 | Shoals:4 | Noticed Ilsuiw
 50912 | Shoals:4 | Noticed Kirke
 50987 | Shoals:3 | Killed Kirke
 51067 | Shoals:4 | Received a gift from Sif Muna
 51070 | Shoals:4 | Got Sif Muna's Compendium of Earthen Evil Rituals {god
                  | gift}
 51167 | Shoals:4 | Identified the +7 shortbow "Eppigoul" {speed, Fly rC+}
 52357 | Shoals:4 | Reached skill level 18 in Summonings
 52509 | Shoals:4 | Identified the ring "Wyankavu" {Drain Fly rN+ Str+6 SInv}
 53315 | Shoals:4 | Killed Ilsuiw
 54124 | Shoals:4 | Got a barnacled rune of Zot
 55050 | Vaults:1 | Entered Level 1 of the Vaults
 55495 | Vaults:1 | Mangled by an orc warlord

Illustrated notes

Levels and vault maps discovered:
D:1:      lightli_molten_gateway, layout_basic,
          hellmonk_ecumenical_altar_leap_of_faith,
          chequers_serial_rivers_small_3, nicolae_grassy_gnolls
D:2:      layout_basic
D:3:      layout_rooms
D:4:      layout_gridville, minmay_temple_entry_arrows,
          nicolae_ossuary_entry_false_entrances, uniq_sigmund
D:5:      layout_basic, st_stairs_5, kennysheep_generic_room_16, uniq_pikel
D:6:      layout_cave_pools, uniq_grinder
D:7:      layout_loops_ring, nicolae_qazlal_scattered_showers,
          chequers_mini_garden, minivault_26, minmay_misc_feat_rows, uniq_joseph
D:8:      layout_rooms, jmf_multi_god_temple, tso_altar, special_room
          [special_room_orc], gammafunk_ghost_ooze, minmay_checkerbox
D:9:      cheibrodos_shockbox, layout_gridville,
          hangedman_decor_clover_reticule, uniq_psyche
D:10:     minmay_recursive_quarters, layout_loops_corners, dpeg_oklobed_lair,
          grunt_ministairs_10
D:11:     layout_small_grid, erik_orc_2, serial_glass, glass_columns_b,
          glass_columns_a
D:12:     layout_basic, serial_ice, serial_ice_d, serial_ice_h, serial_ice_n,
          serial_ice_g, serial_ice_o, serial_ice_m,
          portal_ice_cave_entry_animals_and_master
D:13:     layout_roguey, serial_shops, shop, shop, kennysheep_nub,
          dreamdust_princess_bridge, uniq_erolcha
D:14:     minmay_textured_paths, layout_basic, erik_vaults_2, minmay_hedge_maze
D:15:     gammafunk_depths_entry_grave, layout_gridville,
          nicolae_hepliaklqana_hazy_memory, gammafunk_ghost_door_vault,
          uniq_agnes
Temple:   hc_temple_tempest_star
Lair:1:   layout_big_grid, serial_rivers, chequers_serial_rivers_small_3,
          chequers_serial_rivers_micro_d, chequers_serial_rivers_micro_a,
          chequers_serial_rivers_micro_e, chequers_serial_rivers_marsh,
          chequers_serial_rivers_large_a, nicolae_lair_lindhole
Lair:2:   layout_chaotic_city, minmay_shoals_entry_centaurs,
          guppyfry_snake_entry_island, minmay_holes, uniq_harold
Lair:3:   layout_small_grid, uniq_urug
Lair:4:   layout_misc_corridors, nicolae_quartered_pool_little,
          patterned_corridor, lemuel_fruit_fields, grunt_megastairs_4
Lair:5:   beast_lair_carwin_large_1, layout_cave_pods,
          minmay_slime_entry_oklob_enclosed, grunt_forest_large_clearing_hut,
          serial_bayou_shore_b
Lair:6:   wormcave, layout_regular_city, guppyfry_lair_end_dragon,
          gammafunk_ghost_cemetery, uniq_nessos
Shoals:1: layout_shoals, serial_shops, shop, nicolae_shop_crystal,
          nicolae_shop_behind_doors, shop, nicolae_splish_splash
Shoals:2: layout_shoals, nicolae_shoals_hunting_party
Shoals:3: layout_shoals, nicolae_shoals_elemental_ambush
Shoals:4: shoals_end_grunt_garden, layout_shoals, shoals_ilsuiw_ice, uniq_kirke
Snake:1:  layout_onion, nicolae_snake_boneroom, serial_bayou_shore_b,
          serial_bayou_shore_b, minmay_shop_star
Snake:2:  layout_onion, uniq_aizul
Snake:3:  layout_misc_corridors, basic_altar, lemuel_fruit_tree
Snake:4:  hellmonk_snake_rune_quicksilver_temple, layout_cave_town, basic_altar,
          serial_shops, shop, nicolae_snake_serpentine_bazaar,
          minmay_shop_grove, uniq_vashnia
Orc:1:    layout_diamond_mine
Orc:2:    grunt_orc_cross, layout_diamond_mine
Vaults:1: v_misc_2, nicolae_vaults_network_quinsquares
          [nicolae_vaults_network_quincunx_subvault,
          nicolae_vaults_network_quincunx_subvault,
          nicolae_vaults_network_quincunx_subvault,
          nicolae_vaults_network_quincunx_subvault], v_misc_11,
          dpeg_vaults_monster_box, v_misc_25, st_spiral_rooms,
          hangedman_vaults_nails, nicolae_vaults_border_crossing,
          vaults_dpeg_encased_lava, v_alt_pattern_1, layout_vaults_omnigrid,
          uniq_zenata

Skill      XL: |  1  2  3  4  5  6  7  8  9 10 11 12 13 14 15 16 17 18 |
---------------+-------------------------------------------------------+-----
Stealth        | 2 3 4 |  4.4
Summonings     | 5 6 7 8 10 11 13 15 16 18 | 18.5
Spellcasting   | 4 7 9 10 | 10.0
Invocations    | 1 6 10 | 10.0
Fighting       | 1 6 10 12 14 16 | 16.0
Air Magic      | 1 4 |  4.0
Evocations     | 5 8 |  8.7
Shields        | 3 8 11 12 | 12.0
Dodging        | 5 9 11 12 | 12.0
Ice Magic      | 4 |  4.0
Translocations | 6 10 11 | 11.7
Hexes          | 1 4 |  4.0

Action                   |  1- 3 |  4- 6 |  7- 9 | 10-12 | 13-15 | 16-18 || total
-------------------------+-------+-------+-------+-------+-------+-------++-------
Melee: Unarmed           |     5 |       |       |       |       |       ||     5
       Dagger            |     6 |       |       |       |       |       ||     6
       Tailslap          |     8 |    14 |     6 |    62 |   113 |   160 ||   363
       Short sword       |    15 |       |       |       |       |       ||    15
       Rapier            |    32 |    80 |    57 |       |       |       ||   169
       Punch             |       |       |     2 |       |       |       ||     2
       Spear             |       |       |     6 |    98 |       |       ||   104
       Long sword        |       |       |       |   136 |   365 |   342 ||   843
       Katana            |       |       |       |       |       |    19 ||    19
Throw: Dart              |     9 |     4 |    11 |     3 |     9 |     1 ||    37
 Cast: Summon Small Mamm |    26 |    18 |    29 |    32 |    23 |       ||   128
       Call Imp          |     7 |    10 |    10 |    21 |    29 |       ||    77
       Call Canine Famil |       |     2 |    33 |    65 |   132 |    66 ||   298
       Summon Guardian G |       |       |    16 |    39 |    52 |    12 ||   119
       Summon Lightning  |       |       |       |    39 |   110 |    72 ||   221
       Summon Ice Beast  |       |       |       |       |    71 |    52 ||   123
       Summon Cactus Gia |       |       |       |       |    21 |   107 ||   128
       Summon Forest     |       |       |       |       |       |    11 ||    11
       Summon Mana Viper |       |       |       |       |       |    45 ||    45
       Summon Hydra      |       |       |       |       |       |   118 ||   118
Invok: Channel Magic     |       |       |       |       |       |     1 ||     1
 Abil: Breathe Dispellin |       |       |     5 |    27 |    18 |    22 ||    72
Evoke: Wand              |       |       |       |     2 |    11 |    16 ||    29
  Use: Scroll            |     1 |     8 |     3 |     9 |    15 |     8 ||    44
       Potion            |       |       |       |     3 |     1 |     7 ||    11
 Stab: Sleeping          |     5 |     5 |     2 |       |     2 |       ||    14
       Distracted        |     1 |     1 |     1 |     1 |     9 |     5 ||    18
Armor: Skin              |    16 |    33 |    40 |   127 |   141 |   190 ||   547
Dodge: Dodged            |    48 |    87 |    78 |   182 |   251 |   328 ||   974
Block: Buckler           |       |       |       |     9 |       |       ||     9
       Kite shield       |       |       |       |   256 |   502 |   769 ||  1527
       Reflection        |       |       |       |     4 |    45 |   122 ||   171
       Rpst.: Rapier     |       |       |    14 |       |       |       ||    14
       Spear             |       |       |     1 |    49 |       |       ||    50
       Long sword        |       |       |       |    81 |   198 |   216 ||   495

Table legend: (Time is in decaauts)
 A = Elapsed time spent in this place.
 B = Non-inter-level travel time spent in this place.
 C = Inter-level travel time spent in this place.
 D = Time resting spent in this place.
 E = Time spent auto-exploring this place.
 F = Levels seen in this place.
 G = Mean time per level.
                   A        B        C        D        E       F      G
               +--------+--------+--------+--------+--------+-----+--------+
         Total |  56079 |  53863 |   2216 |  19484 |   6960 |  35 | 1602.3 |
       Dungeon |  22280 |  21229 |   1051 |   5658 |   2451 |  15 | 1485.3 |
        Temple |    224 |    190 |     34 |      0 |    174 |   1 |  224.0 |
          Lair |  10971 |  10408 |    563 |   3603 |   1404 |   6 | 1828.5 |
        Shoals |   9427 |   9178 |    249 |   4410 |   1898 |   4 | 2356.8 |
     Snake Pit |   8934 |   8776 |    158 |   4491 |    765 |   4 | 2233.5 |
  Orcish Mines |   2421 |   2261 |    160 |    814 |    268 |   2 | 1210.5 |
        Vaults |    449 |    449 |      0 |    125 |      0 |   1 |  449.0 |
       Ossuary |    352 |    352 |      0 |     62 |      0 |   1 |  352.0 |
      Ice Cave |   1017 |   1017 |      0 |    321 |      0 |   1 | 1017.0 |
               +--------+--------+--------+--------+--------+-----+--------+

Top non-repeatable levels by time:
Shoals:3: 3480 daAuts
    D:14: 3472 daAuts
  Lair:6: 3333 daAuts
 Snake:4: 3158 daAuts
Shoals:4: 2722 daAuts
  Lair:5: 2603 daAuts
    D:15: 2273 daAuts
 Snake:3: 2220 daAuts
 Snake:2: 2026 daAuts
Shoals:2: 1841 daAuts
    D:12: 1723 daAuts
   Orc:2: 1679 daAuts
    D:10: 1654 daAuts
     D:9: 1571 daAuts
     D:1: 1570 daAuts
